 Dungeon Crawl Stone Soup version 0.30-a0-778-g2ef04afb54 (webtiles) character file.

Game seed: 11430447671287070421

9780 BRD the Blocker (level 11, -1/89 HPs)
             Began as a Gnoll Fighter on Feb 16, 2023.
             Was an Initiate of Gozag.
             Slain by a blink frog (10 damage)
             ... on level 1 of the Lair of Beasts.
             The game lasted 00:19:49 (10154 turns).

BRD the Blocker (Gnoll Fighter)                    Turns: 10154, Time: 00:19:49

Health: -1/89      AC: 13    Str: 19    XL:     11   Next: 51%
Magic:  20/20      EV: 14    Int:  7    God:    Gozag
Gold:   2198       SH:  0    Dex: 13    Spells: 23/23 levels left

rFire   + + .      SeeInvis .    M - +2 hand axe (vamp)
rCold   + . .      Faith    .    (no shield)
rNeg    . . .      Spirit   .    i - +2 leather armour {rF+}
rPois   +          Reflect  .    q - +0 helmet
rElec   +          Harm     .    z - +0 cloak
rCorr   +          Rampage  +    t - +0 pair of gloves "Geryeduz" {Rampage Will+}
Will    +....                    h - +2 pair of boots
Stlth   +++                      (no amulet)
HPRegen 0.34/turn                (no ring)
MPRegen 0.17/turn                (no ring)

@: mighty, resistant
A: fangs 1, strong nose, distributed training
a: Renounce Religion, Potion Petition, Call Merchant, Bribe Branch


You were on level 1 of the Lair of Beasts.
You worshipped Gozag.
Gozag was most pleased with you.
You visited 3 branches of the dungeon, and saw 12 of its levels.

You collected 2245 gold pieces.
You paid 47 gold pieces to Gozag.

Inventory:

Hand Weapons
 a - a +0 war axe
 e - a +2 arbalest of flaming
 M - a +2 vampiric hand axe (weapon)
 P - a +1 battleaxe
Missiles
 s - 21 poisoned darts (quivered)
 O - 2 datura-tipped darts
Armour
 c - a +0 buckler
 h - a +2 pair of boots (worn)
 i - a +2 leather armour of fire resistance (worn)
 q - a +0 helmet (worn)
 t - the +0 pair of gloves "Geryeduz" (worn) {Rampage Will+}
   (You found it on level 3 of the Dungeon)

   Rampage:   It bestows one free step when moving towards enemies.
   Will:      It increases your willpower.
 z - a +0 cloak (worn)
Jewellery
 Q - a +6 ring of intelligence
Wands
 k - a wand of polymorph (10)
 x - a wand of roots (12)
 H - a wand of flame (21)
 I - a wand of quicksilver (3)
Scrolls
 d - 2 scrolls of enchant armour
 f - 4 scrolls of fear
 g - a scroll of fog
 n - 2 scrolls of silence {unknown}
 o - 2 scrolls of brand weapon
 p - 2 scrolls of immolation {unknown}
 r - 3 scrolls of noise {unknown}
 u - 4 scrolls of teleportation {unknown}
 y - a scroll of poison {unknown}
 D - 3 scrolls of blinking {unknown}
 F - a scroll of vulnerability {unknown}
 N - 2 scrolls of magic mapping {unknown}
Potions
 b - 2 potions of invisibility {unknown}
 l - a potion of ambrosia {unknown}
 m - 5 potions of brilliance
 v - 2 potions of attraction {unknown}
 w - a potion of lignification {unknown}
 B - 2 potions of haste {unknown}
 E - 2 potions of mutation {unknown}
 G - a potion of might
 J - a potion of flight {unknown}
 K - a potion of berserk rage {unknown}
 L - a potion of degeneration {unknown}
 R - a potion of cancellation {unknown}
Miscellaneous
 j - a lightning rod (4/4)


   Skills:
 + Level 9.4 Fighting
 + Level 6.6 Short Blades
 + Level 6.6 Long Blades
 + Level 8.1 Axes
 + Level 6.6 Maces & Flails
 + Level 6.6 Polearms
 + Level 6.6 Staves
 + Level 6.6 Ranged Weapons
 + Level 6.6 Throwing
 + Level 9.4 Armour
 + Level 6.6 Dodging
 + Level 6.6 Stealth
 + Level 9.4 Shields
 + Level 6.6 Unarmed Combat
 + Level 6.6 Spellcasting
 + Level 5.4 Conjurations
 + Level 5.4 Hexes
 + Level 5.4 Summonings
 + Level 5.4 Necromancy
 + Level 5.4 Translocations
 + Level 5.4 Transmutations
 + Level 5.4 Fire Magic
 + Level 5.4 Ice Magic
 + Level 5.4 Air Magic
 + Level 5.4 Earth Magic
 + Level 5.4 Poison Magic
 + Level 7.2 Invocations
 + Level 6.6 Evocations


You had 23 spell levels left.
You didn't know any spells.
Your spell library contained the following spells:

 Spells                   Type           Power      Damage    Failure   Level
 Apportation              Tloc           20%        N/A       3%          1
 Necrotise                Necr           40%        1d6       3%          1
 Sting                    Tmut/Pois      40%        1d5       3%          1
 Blink                    Tloc           20%        N/A       4%          2
 Lesser Beckoning         Tloc           20%        N/A       4%          2
 Momentum Strike          Conj/Tloc      20%        3d8       4%          2
 Poisonous Vapours        Pois/Air       20%        N/A       4%          2
 Ignite Poison            Fire/Tmut/Pois 10%        N/A       9%          3
 Inner Flame              Hex/Fire       10%        N/A       9%          3
 Kindle Blastsparks       Fire/Tloc/Air  20%        2d11      9%          3
 Vampiric Draining        Necr           10%        2d6       9%          3
 Flame Wave               Conj/Fire      10%        2d6       28%         4
 Manifold Assault         Tloc           10%        N/A       28%         4
 Olgreb's Toxic Radiance  Pois           10%        N/A       28%         4
 Sticky Flame             Conj/Fire      10%        2d3       28%         4
 Agony                    Necr           10%        N/A       63%         5
 Alistair's Intoxication  Tmut/Pois      6%         N/A       63%         5
 Freezing Cloud           Conj/Ice/Air   5%         6-21      63%         5
 Haunt                    Necr/Summ      5%         N/A       100%        7
 Storm Form               Tmut/Air       5%         N/A       100%        7
 Infestation              Necr           5%         N/A       100%        8
 Animate Dead             Necr           Unusable   N/A       N/A         4

Dungeon Overview and Level Annotations

Branches:
Dungeon (10/15)            Temple (1/1) D:6            Lair (1/5) D:10
    Orc: D:9-12

Altars:
Ashenzari
Cheibriados
Dithmenos
Elyvilon
Fedhas
Gozag
Hepliaklqana
Kikubaaqudgha
Makhleb
Nemelex Xobeh
Okawaru
Qazlal
Ru
Sif Muna
Trog
Uskayaw
Vehumet
Wu Jian
Yredelemnul
Zin
The Shining One

Shops:
D:3 *   D:7 :

Annotations:
D:10 Erolcha


Innate Abilities, Weirdness & Mutations

You have very sharp teeth.
Your uncanny sense of smell can sniff out nearby items.
Your experience applies equally to all skills.


Message History

A blink frog comes into view.
The blink frog blinks!
Okay, then. 2 blink frogs come into view.
The blink frog blinks!
The blink frog moves out of view.
You rampage towards the blink frog!
The blink frog croaks.
The blink frog gives a loud, deep croak!
The blink frog blinks!
The blink frog closely misses you.
The blink frog blinks!
You miss the blink frog. The blink frog closely misses you.
The blink frog hits you but does no damage.
The blink frog completely misses you.
You slash the blink frog!
You feel better.
Your bite misses the blink frog.
The blink frog is moderately wounded.
You barely miss the blink frog. You slash the blink frog!
You feel better. The blink frog closely misses you. The blink frog hits you!
* * * LOW HITPOINT WARNING * * *
The blink frog hits you!
* * * LOW HITPOINT WARNING * * *
The blink frog blinks!
The blink frog closely misses you. The blink frog completely misses you.
The blink frog misses you.
You slash the blink frog!
You feel better.
The blink frog is almost dead.
You slash the blink frog! The blink frog misses you. The blink frog hits you!
* * * LOW HITPOINT WARNING * * *
The blink frog hits you!
* * * LOW HITPOINT WARNING * * *
The blink frog blinks!
You hit the blink frog.
You feel better.
Your punch misses the blink frog.
The blink frog is heavily wounded.
The blink frog hits you.
* * * LOW HITPOINT WARNING * * *
The blink frog blinks! x2
Okay, then.
Found a scimitar.
Found a stone staircase leading down.
The black mamba seems to regain its courage.
The blink frog blinks!
The blink frog hits you!
You die...
Your body crumbles into a pile of gold.

### ## ####P###.###
#...........
###........... .
###.....§F......
....##...............
..F....<.#S.FF.....>.
......S###...@...F...
#.S.+.# #............
#.. ## ##...........
Y# #.........).
###..#.##.## ##.... #
.###.. # ##+


You could see a black mamba and 4 blink frogs.

Vanquished Creatures
  A two-headed ogre (D:7)
  Psyche (D:9)
  A slime creature (D:6)
  Sigmund (D:4)
  A wyvern (D:8)
  19 yaks
  3 steam dragons
  Edmund (D:4)
  Duvessa (D:6)
  A water moccasin (D:7)
  An ice beast (D:6)
  A black bear (D:4)
  3 orc warriors
  2 sky beasts
  A hornet zombie (D:7)
  3 ogres
  2 centaurs
  2 phantoms
  3 kobold brigands
  6 bullfrogs
  A gnoll sergeant (D:8)
  2 scorpions
  2 water moccasin zombies (D:7)
  4 wyvern zombies (D:7)
  10 wights (D:7)
  Dowan (D:6)
  6 killer bees (D:9)
  2 electric eels (D:6)
  6 howler monkeys
  2 centaur zombies (D:7)
  5 hounds
  13 jellies
  7 orc priests
  Jessica (D:3)
  Natasha (twice) (D:3)
  An iguana (D:4)
  Ijyb (D:3)
  10 orc wizards
  A killer bee zombie (D:7)
  2 howler monkey zombies (D:7)
  15 gnolls
  3 adders
  A shadow imp (D:7)
  2 white imps
  3 ufetubi
  A worm (D:2)
  3 dart slugs
  34 orcs
  4 bats
  12 endoplasms
  3 giant cockroaches
  8 goblins
  8 hobgoblins
  2 quokkas
  8 ball pythons
  6 frilled lizards
  19 kobolds
  6 rats
271 creatures vanquished.

Vanquished Creatures (others)
  An adder (D:6)
  9 fungi
10 creatures vanquished.

Grand Total: 281 creatures vanquished

Notes
Turn   | Place    | Note
-------+----------+-------------------------------------------
     0 | D:1      | BRD the Gnoll Fighter began the quest for the Orb.
     0 | D:1      | Reached XP level 1. HP: 23/23 MP: 1/1
   194 | D:1      | Reached XP level 2. HP: 29/29 MP: 2/2
   581 | D:1      | Reached XP level 3. HP: 28/35 MP: 3/3
   968 | D:2      | Reached skill level 1 in Invocations
  1115 | D:2      | Reached skill level 1 in Short Blades
  1115 | D:2      | Reached skill level 1 in Long Blades
  1115 | D:2      | Reached skill level 1 in Maces & Flails
  1115 | D:2      | Reached skill level 1 in Polearms
  1115 | D:2      | Reached skill level 1 in Staves
  1115 | D:2      | Reached skill level 1 in Ranged Weapons
  1115 | D:2      | Reached skill level 1 in Throwing
  1115 | D:2      | Reached skill level 1 in Dodging
  1115 | D:2      | Reached skill level 1 in Stealth
  1115 | D:2      | Reached skill level 1 in Unarmed Combat
  1115 | D:2      | Reached skill level 1 in Spellcasting
  1115 | D:2      | Reached skill level 1 in Evocations
  1117 | D:2      | Noticed a phantom
  1136 | D:2      | Killed a phantom
  1137 | D:2      | Reached skill level 1 in Conjurations
  1137 | D:2      | Reached skill level 1 in Hexes
  1137 | D:2      | Reached skill level 1 in Summonings
  1137 | D:2      | Reached skill level 1 in Necromancy
  1137 | D:2      | Reached skill level 1 in Translocations
  1137 | D:2      | Reached skill level 1 in Transmutations
  1137 | D:2      | Reached skill level 1 in Fire Magic
  1137 | D:2      | Reached skill level 1 in Ice Magic
  1137 | D:2      | Reached skill level 1 in Air Magic
  1137 | D:2      | Reached skill level 1 in Earth Magic
  1137 | D:2      | Reached skill level 1 in Poison Magic
  1137 | D:2      | Reached XP level 4. HP: 34/41 MP: 4/6
  1137 | D:2      | Reached XP level 5. HP: 39/47 MP: 4/7
  1378 | D:3      | Identified the +0 pair of gloves "Geryeduz" {Rampage Will+}
  1508 | D:3      | Noticed Natasha
  1522 | D:3      | Killed Natasha
  1582 | D:3      | Found an opulent altar of Gozag.
  1588 | D:3      | Became a worshipper of Gozag Ym Sagoz the Greedy
  1659 | D:3      | Noticed Natasha
  1670 | D:3      | Killed Natasha
  1767 | D:3      | Noticed Jessica
  1771 | D:3      | Killed Jessica
  2027 | D:3      | Noticed Ijyb
  2034 | D:3      | Reached XP level 6. HP: 41/53 MP: 8/8
  2040 | D:3      | Killed Ijyb
  2157 | D:3      | Found Zin's Purification Station.
  2157 | D:3      | Found a glowing silver altar of Zin.
  2271 | D:4      | Reached skill level 5 in Axes
  2336 | D:4      | Noticed Edmund
  2367 | D:4      | Killed Edmund
  2372 | D:4      | Reached XP level 7. HP: 42/60 MP: 10/10
  2903 | D:4      | Noticed Sigmund
  2910 | D:4      | Killed Sigmund
  3079 | D:4      | Reached XP level 8. HP: 67/67 MP: 12/12
  3245 | D:5      | Entered Level 5 of the Dungeon
  3424 | D:5      | Found a burning altar of Makhleb.
  4022 | D:5      | Found a blossoming altar of Fedhas.
  4258 | D:6      | Noticed Duvessa
  4258 | D:6      | Noticed Dowan
  4267 | D:6      | Killed Duvessa
  4274 | D:6      | Killed Dowan
  4533 | D:6      | Reached XP level 9. HP: 32/74 MP: 13/15
  4667 | D:6      | Found a staircase to the Ecumenical Temple.
  4676 | Temple   | Entered the Ecumenical Temple
  5151 | D:6      | Identified the +5 longbow of the Ancients {heavy, rPois rC+
                  | Str-4 SInv}
  5190 | D:6      | Reached skill level 5 in Invocations
  5831 | D:7      | Found Furyp's Book Shoppe.
  5978 | D:7      | Reached skill level 5 in Short Blades
  5978 | D:7      | Reached skill level 5 in Long Blades
  5978 | D:7      | Reached skill level 5 in Maces & Flails
  5978 | D:7      | Reached skill level 5 in Polearms
  5978 | D:7      | Reached skill level 5 in Staves
  5978 | D:7      | Reached skill level 5 in Ranged Weapons
  5978 | D:7      | Reached skill level 5 in Throwing
  5978 | D:7      | Reached skill level 5 in Dodging
  5978 | D:7      | Reached skill level 5 in Stealth
  5978 | D:7      | Reached skill level 5 in Unarmed Combat
  5978 | D:7      | Reached skill level 5 in Spellcasting
  5978 | D:7      | Reached skill level 5 in Evocations
  5978 | D:7      | Reached XP level 10. HP: 73/81 MP: 17/17
  6750 | D:7      | Noticed a two-headed ogre
  6763 | D:7      | Killed a two-headed ogre
  8173 | D:8      | Reached skill level 5 in Conjurations
  8173 | D:8      | Reached skill level 5 in Hexes
  8173 | D:8      | Reached skill level 5 in Summonings
  8173 | D:8      | Reached skill level 5 in Necromancy
  8173 | D:8      | Reached skill level 5 in Translocations
  8173 | D:8      | Reached skill level 5 in Transmutations
  8173 | D:8      | Reached skill level 5 in Fire Magic
  8173 | D:8      | Reached skill level 5 in Ice Magic
  8173 | D:8      | Reached skill level 5 in Air Magic
  8173 | D:8      | Reached skill level 5 in Earth Magic
  8173 | D:8      | Reached skill level 5 in Poison Magic
  8173 | D:8      | Reached XP level 11. HP: 73/89 MP: 20/20
  8516 | D:8      | Found a sacrificial altar of Ru.
  8516 | D:8      | Found an iron altar of Okawaru.
  9605 | D:9      | Noticed Psyche
  9610 | D:9      | Killed Psyche
  9726 | D:9      | Found a snail-covered altar of Cheibriados.
  9726 | D:9      | Found a glowing golden altar of the Shining One.
 10031 | D:10     | Entered Level 10 of the Dungeon
 10069 | D:10     | Found a broken altar of Ashenzari.
 10090 | D:10     | Noticed Erolcha
 10129 | D:10     | Found a staircase to the Lair.
 10134 | Lair:1   | Entered Level 1 of the Lair of Beasts
 10141 | Lair:1   | HP: 4/89 [black mamba (7)]
 10154 | Lair:1   | Slain by a blink frog

Illustrated notes

Levels and vault maps discovered:
D:1:      eino_arrival_cavern_a, layout_loops_cross, hangedman_decor_push,
          minmay_pentomino_u4
D:2:      layout_rooms
D:3:      layout_basic, mainiacjoe_overflow_alcove_1, zin_purify, uniq_jessica,
          uniq_natasha, uniq_ijyb
D:4:      layout_rooms, corexii_item_surrounded_by_moat, uniq_edmund,
          uniq_sigmund
D:5:      layout_loops_corners, mainiacjoe_overflow_chevrons, lemuel_tele_altar
D:6:      lemuel_slime, layout_basic, minmay_temple_entry_mini_moons,
          water_boxes_lemuel, uniq_duvessa
D:7:      layout_loops_ring, serial_undead, serial_undead_f, serial_undead_d,
          serial_undead_c, serial_undead_a, serial_undead_a, serial_undead_a,
          serial_undead_a, serial_shops, kennysheep_little_box,
          minmay_quadrilaterals, uniq_crazy_yiuf_cottage
D:8:      layout_basic, chequers_temple_overflow_statue_of_worship
D:9:      layout_irregular_city, gammafunk_temple_overflow_elements, uniq_psyche
D:10:     layout_roguey, evilmike_ruin_ashenzari,
          mainiacjoe_overflow_small_starburst, lair_entry_dummy, uniq_fannar,
          uniq_maurice, uniq_erolcha, uniq_snorg
Temple:   nicolae_temple_ecumenical_triangle
Lair:1:   layout_roguey, gammafunk_lair_bear_cave, grunt_megastairs_5,
          uniq_joseph

Skill      XL: |  1  2  3  4  5  6  7  8  9 10 11 |
---------------+----------------------------------+-----
Invocations    | 1 2 3 4 5 6 7 |  7.2
Short Blades   | 1 2 3 4 5 6 |  6.6
Long Blades    | 1 2 3 4 5 6 |  6.6
Maces & Flails | 1 2 3 4 5 6 |  6.6
Polearms       | 1 2 3 4 5 6 |  6.6
Staves         | 1 2 3 4 5 6 |  6.6
Ranged Weapons | 1 2 3 4 5 6 |  6.6
Throwing       | 1 2 3 4 5 6 |  6.6
Dodging        | 1 2 3 4 5 6 |  6.6
Stealth        | 1 2 3 4 5 6 |  6.6
Unarmed Combat | 1 2 3 4 5 6 |  6.6
Spellcasting   | 1 2 3 4 5 6 |  6.6
Evocations     | 1 2 3 4 5 6 |  6.6
Conjurations   | 1 2 3 4 5 |  5.4
Hexes          | 1 2 3 4 5 |  5.4
Summonings     | 1 2 3 4 5 |  5.4
Necromancy     | 1 2 3 4 5 |  5.4
Translocations | 1 2 3 4 5 |  5.4
Transmutations | 1 2 3 4 5 |  5.4
Fire Magic     | 1 2 3 4 5 |  5.4
Ice Magic      | 1 2 3 4 5 |  5.4
Air Magic      | 1 2 3 4 5 |  5.4
Earth Magic    | 1 2 3 4 5 |  5.4
Poison Magic   | 1 2 3 4 5 |  5.4
Axes           | 5 6 7 8 |  8.1
Fighting       | 7 8 9 |  9.4
Armour         | 7 8 9 |  9.4
Shields        | 7 8 9 |  9.4

Action                     |  1- 3 |  4- 6 |  7- 9 | 10-12 || total
---------------------------+-------+-------+-------+-------++-------
  Melee: War axe           |    82 |   109 |   214 |       ||   405
         Bite              |     6 |    10 |    27 |    35 ||    78
         Hand axe          |       |       |    86 |   247 ||   333
   Fire: Arbalest          |       |       |       |   205 ||   205
  Throw: Dart              |       |       |    12 |     4 ||    16
  Evoke: Wand              |       |       |    10 |     3 ||    13
    Use: Potion            |       |     2 |     1 |     9 ||    12
         Scroll            |       |       |       |    11 ||    11
   Stab: Sleeping          |     1 |     4 |     4 |       ||     9
         Distracted        |       |       |     2 |     4 ||     6
 Armour: Scale mail        |    18 |       |       |       ||    18
         Leather armour    |    18 |    47 |   101 |   126 ||   292
  Dodge: Dodged            |    36 |    43 |   156 |   252 ||   487
  Block: Buckler           |    33 |    32 |    89 |    66 ||   220

Table legend: (Time is in decaauts)
 A = Elapsed time spent in this place.
 B = Non-inter-level travel time spent in this place.
 C = Inter-level travel time spent in this place.
 D = Time resting spent in this place.
 E = Time spent auto-exploring this place.
 F = Levels seen in this place.
 G = Mean time per level.
                   A        B        C        D        E       F      G
               +--------+--------+--------+--------+--------+-----+--------+
         Total |  10436 |  10139 |    297 |    867 |   7147 |  12 |  869.7 |
       Dungeon |  10371 |  10081 |    290 |    867 |   7116 |  10 | 1037.1 |
        Temple |     45 |     38 |      7 |      0 |     31 |   1 |   45.0 |
          Lair |     19 |     19 |      0 |      0 |      0 |   1 |   19.0 |
               +--------+--------+--------+--------+--------+-----+--------+

Top non-repeatable levels by time:
     D:7: 2249 daAuts
     D:6: 1576 daAuts
     D:9: 1126 daAuts
     D:4: 1027 daAuts
     D:5: 1000 daAuts
     D:8: 988 daAuts
     D:3: 897 daAuts
     D:1: 832 daAuts
     D:2: 564 daAuts
    D:10: 107 daAuts
  Temple: 45 daAuts
  Lair:1: 19 daAuts
